 Dungeon Crawl Stone Soup version 0.31-a0-217-g58bb5d79cf (webtiles) character file.

Game seed: 16705043674864067915

126 Anon1729 the Trooper (level 4, 0/41 HPs)
             Began as a Minotaur Monk on July 2, 2023.
             Shot with a sling bullet by a goblin (3 damage)
             ... led by Robin
             ... on level 2 of the Dungeon.
             The game lasted 00:00:46 (1598 turns).

Anon1729 the Trooper (Minotaur Monk)                Turns: 1598, Time: 00:00:47

Health: 0/41       AC:  2    Str: 18    XL:     4   Next: 84%
Magic:  3/3        EV: 13    Int:  7    God:
Gold:   47         SH:  0    Dex: 12    Spells: 3/3 levels left

rFire   . .          .
                       - Unarmed
rCold   . . .        c - orb {light}
rNeg    . . .        a - +0 robe
rPois   .            (helmet restricted)
rElec   .            (no cloak)
rCorr   .            (no gloves)
SInv    .            (no boots)
Will    .....        (no amulet)
Stlth   +            (no ring)
HPRegen 0.26/turn    (no ring)
MPRegen 0.08/turn

%: no passive effects
@: glowing
A: horns 2, retaliatory headbutt
a: no special abilities


You were on level 2 of the Dungeon.
You visited 1 branch of the dungeon, and saw 2 of its levels.

You collected 47 gold pieces.

Inventory:

Missiles
 i - 5 datura-tipped darts
Armour
 a - a +0 robe (worn)
 c - an orb of light (worn)
Scrolls
 e - 3 scrolls of enchant weapon {unknown}
 f - 3 scrolls of identify {unknown}
 k - a scroll of noise {unknown}
 l - a scroll of fear {unknown}
 m - a scroll of blinking {unknown}
 n - a scroll of butterflies {unknown}
Potions
 d - a potion of might {unknown}
 g - a potion of heal wounds {unknown}
 h - 2 potions of degeneration {unknown}
 j - a potion of magic {unknown}
 o - a potion of resistance {unknown}


   Skills:
 + Level 4.6 Fighting
 + Level 2.4 Armour
 + Level 4.1 Dodging
 + Level 4.2 Unarmed Combat


You had 3 spell levels left.
You didn't know any spells.
Your spell library was empty.

Dungeon Overview and Level Annotations

Branches:
Dungeon (2/15)

Altars:

Annotations:
D:2 Robin


Innate Abilities, Weirdness & Mutations

You have a pair of horns on your head.
You reflexively headbutt those who attack you in melee.


Message History

The goblins go into a battle-frenzy!
You hit the hobgoblin but do no damage.
The goblin no longer looks unusually strong.
Robin throws the goblin at you! The hobgoblin misses you.
The goblin misses you.
You hit the hobgoblin.
The hobgoblin is almost dead.
The hobgoblin closely misses you. You furiously retaliate!
You headbutt the hobgoblin.
You kill the hobgoblin!
The goblin unwields a +0 dagger.
The goblin wields a +0 sling.
The goblin shoots a sling bullet.
The sling bullet hits you but does no damage.
The goblin closely misses you.
You hit the goblin.
You kill the goblin!
Robin throws the goblin at you!
* * * LOW HITPOINT WARNING * * *
The goblin hits you with a +0 dagger.
* * * LOW HITPOINT WARNING * * *
You hit the goblin. You headbutt the goblin.
You kill the goblin!
The goblin shoots a sling bullet.
The sling bullet hits you but does no damage.
The goblin no longer looks unusually strong.
The goblin shoots a sling bullet.
The sling bullet hits you.
* * * LOW HITPOINT WARNING * * *
Items here: ))) †.
Robin throws the goblin at you!
* * * LOW HITPOINT WARNING * * *
The goblin hits you with a +0 club.
* * * LOW HITPOINT WARNING * * *
You hit the goblin.
You kill the goblin!
The goblin shoots a sling bullet.
The sling bullet hits you.
* * * LOW HITPOINT WARNING * * *
Robin roars a battlecry!
The goblin goes into a battle-frenzy!
The goblin shoots a sling bullet.
The sling bullet hits you.
You die...

##......##.......##........#
........##.......##........#
.......###.......##........#
........##.......###.......######
........##.......................
........##.......###...>..[######
........##.......# ##########....
......†.##.......# ######....
........##......@# #.........
........##.......# #.........
...........#####)# #.........
...........# #.# #.........
...........## #g# #..<......
##..........# #g# #........#
#..........# #g# ##########
#..........# #.))....#
#..[.......# #.......+


You could see Robin, a hobgoblin (strong) and a goblin (strong).

Vanquished Creatures
  Natasha (D:2)
  4 adders (D:2)
  A worm (D:2)
  3 dart slugs
  5 endoplasms (D:1)
  13 goblins
  7 hobgoblins
  2 kobolds (D:1)
  A quokka (D:1)
  7 ball pythons
  5 bats
  A frilled lizard (D:2)
  4 rats
54 creatures vanquished.

Notes
Turn   | Place    | Note
-------+----------+-------------------------------------------
     0 | D:1      | Anon1729 the Minotaur Monk began the quest for the Orb.
     0 | D:1      | Reached XP level 1. HP: 19/19 MP: 0/0
    84 | D:1      | Reached XP level 2. HP: 27/27 MP: 1/1
   129 | D:1      | Reached skill level 1 in Armour
   532 | D:1      | Reached XP level 3. HP: 33/33 MP: 2/2
   904 | D:2      | Reached XP level 4. HP: 41/41 MP: 3/3
   910 | D:2      | Noticed Natasha
   922 | D:2      | Killed Natasha
  1571 | D:2      | Noticed Robin
  1598 | D:2      | Shot with a sling bullet by a goblin

Illustrated notes

Levels and vault maps discovered:
D:1:      ncdulo_halloftheorcs, layout_basic, minmay_close_crescents
D:2:      layout_basic, dreamdust_mushroom_princess, minivault_27, uniq_natasha,
          uniq_robin

Skill      XL: |  1  2  3  4 |
---------------+-------------+-----
Armour         | 1 2 |  2.4
Fighting       | 4 |  4.6
Dodging        | 4 |  4.1
Unarmed Combat | 4 |  4.2

Action                     |  1- 3 |  4- 6 || total
---------------------------+-------+-------++-------
  Melee: Unarmed           |    58 |    43 ||   101
         Headbutt          |     7 |     6 ||    13
    Use: Potion            |       |     1 ||     1
 Armour: Robe              |     8 |     6 ||    14
  Dodge: Dodged            |    27 |    29 ||    56

Table legend: (Time is in decaauts)
 A = Elapsed time spent in this place.
 B = Non-inter-level travel time spent in this place.
 C = Inter-level travel time spent in this place.
 D = Time resting spent in this place.
 E = Time spent auto-exploring this place.
 F = Levels seen in this place.
 G = Mean time per level.
                   A        B        C        D        E       F      G
               +--------+--------+--------+--------+--------+-----+--------+
         Total |   1596 |   1552 |     44 |     10 |   1312 |   2 |  798.0 |
       Dungeon |   1596 |   1552 |     44 |     10 |   1312 |   2 |  798.0 |
               +--------+--------+--------+--------+--------+-----+--------+

Top non-repeatable levels by time:
     D:1: 803 daAuts
     D:2: 793 daAuts
